 Dungeon Crawl Stone Soup version 0.18.1-5-g4a78601 (webtiles) character file.

37 oplop the Insei (level 3, 0/23 HPs)
             Began as an Octopode Transmuter on May 13, 2016.
             Succumbed to an adder's poison
             ... on level 2 of the Dungeon.
             The game lasted 00:01:21 (751 turns).

oplop the Insei (Octopode Transmuter)                Turns: 751, Time: 00:01:21

Health: 0/23       AC:  1    Str:  9    XL:     3   Next: 41%
Magic:  6/6        EV: 12    Int: 16    God:
Gold:   14         SH:  0    Dex: 12    Spells: 1 memorised, 5 levels left

rFire  . . .     SeeInvis .       - Unarmed
rCold  . . .     Gourm    .     (no shield)
rNeg   . . .     Faith    .     (helmet restricted)
rPois  .         Spirit   .     (no amulet)
rElec  .         Dismiss  .     (no ring)
rCorr  .         Reflect  .     (no ring)
SustAt .         Harm     .     (no ring)
MR     .....                    (no ring)
Stlth  +++.......               (no ring)
                                (no ring)
                                (no ring)
                                (no ring)

@: lethally poisoned (0 -> -10), very slightly contaminated, hasted, very quick,
not resistant to hostile enchantments, fairly stealthy
A: almost no armour, amphibious, 8 rings, constrict 8, camouflage 1, gelatinous
body 1
a: no special abilities


You were on level 2 of the Dungeon.
You were not hungry.

You visited 1 branch of the dungeon, and saw 2 of its levels.

You collected 14 gold pieces.

Inventory:

Missiles
 a - 12 arrows
Jewellery
 d - a cursed ring of loudness {unknown}
Scrolls
 e - a scroll of magic mapping {unknown}
 f - a scroll of enchant armour {unknown}
 g - 3 scrolls of identify {unknown}
Books
 b - a book of Changes

   Spells                             Type                      Level
   a - Beastly Appendage              Transmutation                1
   b - Sticks to Snakes               Transmutation                2
   c - Spider Form                    Transmutation/Poison         3
   d - Ice Form                       Ice/Transmutation            4
   e - Blade Hands                    Transmutation                5
Comestibles
 c - a bread ration


   Skills:
 + Level 1.2 Fighting
 + Level 2.4 Dodging
 + Level 1.1 Stealth
 + Level 3.4 Unarmed Combat
 + Level 2.1 Spellcasting
 + Level 2.4 Transmutations


You had 5 spell levels left.
You knew the following spells:

 Your Spells              Type           Power        Failure   Level  Hunger
a - Beastly Appendage     Trmt           #.....       10%         1    #......


Dungeon Overview and Level Annotations

Branches:
Dungeon (2/15)

Altars:


Innate Abilities, Weirdness & Mutations

You cannot wear most types of armour.
You are amphibious.
You can wear up to eight rings at the same time.
You can use your tentacles to constrict eight enemies at once.
Your skin changes colour to match your surroundings (Stealth).
Your rubbery body absorbs attacks (AC +1).


Message History

The adder poisons you!
Drink which item? (? for menu, Esc to quit)
It was a potion of haste.
You feel yourself speed up.
You constrict the adder.
You kill the adder!
* * * LOW HITPOINT WARNING * * *
You feel sick.
You are very lightly contaminated with residual magic.
Your tentacle spike disappears.
* * * LOW HITPOINT WARNING * * *
You feel sick.
* * * LOW HITPOINT WARNING * * *
You feel sick.
You see here a scroll labeled YTUENENLACK.
* * * LOW HITPOINT WARNING * * *
You feel sick.
* * * LOW HITPOINT WARNING * * *
You feel sick.
You see here a large gilded ring.
d - a large gilded ring You die...

#....#
#...>#
#<.#.#
#..#.#
#####+#..#.#
#..........#
#..........#
#..........#
#....?...@.#
#..........#
#..........#
#>.........#
#..........#
##########.#
... ...


There were no monsters in sight!

Vanquished Creatures
  An adder (D:2)
  3 giant cockroaches (D:1)
  6 hobgoblins (D:1)
  3 ball pythons (D:1)
  2 bats (D:1)
  3 goblins (D:1)
  3 kobolds (D:1)
  5 rats (D:1)
26 creatures vanquished.

Notes
Turn   | Place    | Note
--------------------------------------------------------------
     0 | D:1      | oplop the Octopode Transmuter began the quest for the Orb.
     0 | D:1      | Reached XP level 1. HP: 13/13 MP: 3/3
   112 | D:1      | Reached XP level 2. HP: 11/18 MP: 5/5
   528 | D:1      | Reached skill level 1 in Stealth
   573 | D:1      | Reached XP level 3. HP: 16/23 MP: 6/6
   747 | D:2      | HP: 1/23 [poisoned by an adder]
   751 | D:2      | Succumbed to an adder's poison

Skill      XL: |  1  2 |
---------------+-------+-----
Stealth        | 1 |  1.1
Fighting       | |  1.2
Dodging        | |  2.4
Unarmed Combat | |  3.4
Spellcasting   | |  2.1
Transmutations | |  2.4

Action                   || total
-------------------------++-------
Melee: Unarmed           ||    55
       Constrict         ||    18
       Tentacles         ||     7
       Kick              ||     2
 Cast: Beastly Appendage ||     3
  Use: Potion            ||     1
 Stab: Sleeping          ||     5
Armor: Skin              ||     4
Dodge: Dodged            ||    26
